 Dungeon Crawl Stone Soup version 0.29.0-4-gdea44cf6ec (webtiles) character file.

Game seed: 5944365204830421930

42 qw the Chopper (level 3, 0/21 HPs)
             Began as a Tengu Warper on Aug 28, 2022.
             Slain by a gnoll
             ... wielding a +0 halberd
              (5 damage)
             ... on level 2 of the Dungeon.
             The game lasted 00:00:08 (1280 turns).

qw the Chopper (Tengu Warper)                       Turns: 1280, Time: 00:00:08

Health: 0/21       AC:  3    Str: 13    XL:     3   Next: 56%
Magic:  7/7        EV: 12    Int: 13    God:
Gold:   21         SH:  0    Dex: 13    Spells: 6/6 levels left

rFire   . . .      SeeInvis .   Y - +1 hand axe
rCold   . . .      Faith    .   (no shield)
rNeg    . . .      Spirit   .   b - +0 leather armour
rPois   .          Reflect  .   (helmet restricted)
rElec   .          Harm     .   (no cloak)
rCorr   .          Rampage  .   (no gloves)
Will    .....                   (boots unavailable)
Stlth   +.........              (no amulet)
HPRegen 0.07/turn               (no ring)
MPRegen 0.10/turn               (no ring)

@: about to teleport
A: beak, talons 3
a: no special abilities


You were on level 2 of the Dungeon.
You visited 1 branch of the dungeon, and saw 2 of its levels.

You collected 21 gold pieces.


Innate Abilities, Weirdness & Mutations

You have a beak for a mouth.
You have claws for feet.


   Skills:
 - Level 2.0 Fighting
 + Level 4.2 Axes
 - Level 1.0 Throwing
 - Level 1.1 Armour
 - Level 2.1 Dodging
 - Level 2.0 Spellcasting
 - Level 2.4 Translocations


You had 6 spell levels left.
You didn't know any spells.
Your spell library contained the following spells:

 Spells                   Type           Power      Damage    Failure   Level
 Blink                    Tloc           14%        N/A       19%         2
 Gell's Gravitas          Tloc           7%         N/A       36%         3
 Lesser Beckoning         Tloc           7%         N/A       36%         3
 Teleport Other           Tloc           7%         N/A       36%         3
 Manifold Assault         Tloc           7%         N/A       98%         5

Inventory:

Hand Weapons
 f - a +0 flail
 Y - a +1 hand axe (weapon)
Armour
 b - a +0 leather armour (worn)
Scrolls
 a - 2 scrolls of teleportation
 h - a scroll of summoning {unknown}
Potions
 c - a potion of berserk rage {unknown}
 d - a potion of heal wounds {unknown}
 e - 3 potions of curing
 g - a potion of attraction {unknown}
 j - a potion of might {unknown}

Dungeon Overview and Level Annotations

Branches:
Dungeon (2/15)

Altars:


Message History

e - 3 potions of curing (gained 2)
Enter note: A gnoll comes into view. It is wielding a +0 halberd.
The gnoll shouts!
A gnoll comes into view. It is wielding a +0 club.
A hobgoblin comes into view.
The hobgoblin shouts!
You hear a shout!
Found 5 stones.
A gnoll comes into view. It is wielding a +0 spear.
The gnoll shouts!
You hit the gnoll.
The gnoll is lightly wounded.
The gnoll barely misses you.
A worm comes into view.
A kobold comes into view. It is wielding a +0 whip.
You hit the gnoll. You peck the gnoll, but do no damage.
The gnoll is moderately wounded.
You hit the gnoll. The gnoll barely misses you.
You closely miss the gnoll.
The gnoll is moderately wounded.
You closely miss the hobgoblin. You hit the gnoll. The hobgoblin hits you.
The gnoll barely misses you. The gnoll misses you.
The gnoll closely misses you.
You closely miss the gnoll.
The gnoll is heavily wounded.
You closely miss the gnoll. You hit the hobgoblin.
The hobgoblin barely misses you. The gnoll hits you with a +0 halberd!
Ouch! That really hurt!
The gnoll hits you with a +0 club. The gnoll barely misses you.
You hit the hobgoblin but do no damage. You peck the hobgoblin.
You kill the hobgoblin!
You hit the gnoll but do no damage. You hit the gnoll.
The gnoll hits you but does no damage. The gnoll hits you with a +0 club.
The gnoll barely misses you.
1280 ||| READING 3 scrolls of teleportation.
As you read the scroll of teleportation, it crumbles to dust.
You feel strangely unstable. The gnoll hits you with a +0 halberd.
You die...

#### #.# ###### #.. ..
#..... #.. (.#.#..
#######.. .#.#..
#....##.. ..#.#
#.##.##..
#.#.#######.#..#...
#.#.##....#.#.##.##
#g@.....#.#.#....##
#..g.g..####.#.#..#...
+.....#.............<.
#....K#..####.#.###...
#..w......# #....#####
#......##..####..#(...
#...... #.# #..#.#..
...#'#.# .# #..#.#..
..#)#..


You could see a worm, 3 gnolls and a kobold.

Vanquished Creatures
  A worm (D:2)
  2 dart slugs (D:2)
  6 ball pythons
  4 endoplasms
  3 hobgoblins
  2 kobolds (D:1)
  A quokka (D:1)
  4 bats
  A frilled lizard (D:1)
  5 goblins (D:1)
  5 rats (D:1)
34 creatures vanquished.

Notes
Turn   | Place    | Note
-------+----------+-------------------------------------------
     0 | D:1      | qw the Tengu Warper began the quest for the Orb.
     0 | D:1      | Reached XP level 1. HP: 12/12 MP: 4/4
     0 | D:1      | 0 ||| qw: Version: 0.1-a-89-g26bdef1
     0 | D:1      | 0 ||| qw: Game counter: 3404
     0 | D:1      | 0 ||| qw: Always use a shield: true
     0 | D:1      | 0 ||| qw: God list: Okawaru
     0 | D:1      | 0 ||| qw: Allow faded altars: false
     0 | D:1      | 0 ||| qw: Do Orc after D:15 true
     0 | D:1      | 0 ||| qw: Do second Lair branch before Depths: true
     0 | D:1      | 0 ||| qw: Lair rune preference: random
     0 | D:1      | 0 ||| qw: Plans: Normal
     0 | D:1      | 0 ||| PLANNING D:1-11
    32 | D:1      | 32 ||| Stepping ~*~*~tactically~*~*~ (stealth).
   108 | D:1      | 108 ||| Stepping ~*~*~tactically~*~*~ (stealth).
   109 | D:1      | 109 ||| Stepping ~*~*~tactically~*~*~ (stealth).
   110 | D:1      | 110 ||| Stepping ~*~*~tactically~*~*~ (stealth).
   115 | D:1      | Reached XP level 2. HP: 13/17 MP: 6/6
   116 | D:1      | Reached skill level 3 in Axes
   246 | D:1      | 246 ||| Stepping ~*~*~tactically~*~*~ (stealth).
   248 | D:1      | 248 ||| Stepping ~*~*~tactically~*~*~ (stealth).
   415 | D:1      | 415 ||| Stepping ~*~*~tactically~*~*~ (stealth).
   420 | D:1      | 420 ||| Stepping ~*~*~tactically~*~*~ (stealth).
   421 | D:1      | 421 ||| Stepping ~*~*~tactically~*~*~ (stealth).
   434 | D:1      | 434 ||| Stepping ~*~*~tactically~*~*~ (stealth).
   472 | D:1      | Found a faded altar of an unknown god.
   567 | D:1      | Reached XP level 3. HP: 20/21 MP: 7/7
   596 | D:1      | 596 ||| Stepping ~*~*~tactically~*~*~ (stealth).
   770 | D:1      | 770 ||| READING 4 scrolls labelled SAOPUBB ZUGGOM.
   774 | D:1      | 774 ||| READING 3 scrolls labelled MOIDYNONAM.
   775 | D:1      | 775 ||| READING scroll labelled BECOLIEXAO.
   776 | D:1      | 776 ||| READING scroll labelled ETAQAT XATUVABOO.
   777 | D:1      | 777 ||| READING scroll labelled SOWEAKE GIKI.
   778 | D:1      | 778 ||| READING scroll labelled APSECO NUDOJAH.
   779 | D:1      | 779 ||| DRINKING 2 viscous orange potions.
   780 | D:1      | 780 ||| DRINKING 2 green potions.
   781 | D:1      | 781 ||| DROPPING scroll of blinking.
   782 | D:1      | 782 ||| DROPPING 2 scrolls of magic mapping.
   783 | D:1      | 783 ||| DROPPING potion of flight.
   811 | D:2      | Reached skill level 4 in Axes
   884 | D:2      | 884 ||| Stepping ~*~*~tactically~*~*~ (hiding).
   986 | D:2      | 986 ||| Stepping ~*~*~tactically~*~*~ (hiding).
  1088 | D:2      | 1088 ||| Stepping ~*~*~tactically~*~*~ (hiding).
  1190 | D:2      | 1190 ||| Stepping ~*~*~tactically~*~*~ (hiding).
  1279 | D:2      | HP: 5/21 [gnoll/+0 club (3)]
  1280 | D:2      | 1280 ||| READING 3 scrolls of teleportation.
  1280 | D:2      | Slain by a gnoll

Levels and vault maps discovered:
D:1:      evilmike_arrival_rings, layout_rooms,
          shapermc_ecumenical_altar_rom_forum
D:2:      layout_basic

Skill      XL: |  1  2  3 |
---------------+----------+-----
Axes           | 3 4 |  4.2
Fighting       | |  2.0
Throwing       | |  1.0
Armour         | |  1.1
Dodging        | |  2.1
Spellcasting   | |  2.0
Translocations | |  2.4

Action                   || total
-------------------------++-------
Melee: Hand axe          ||    69
       Kick              ||    11
       Peck              ||     9
Throw: Boomerang         ||     7
  Use: Scroll            ||     7
       Potion            ||     2
Armor: Leather armour    ||    17
Dodge: Dodged            ||    49

Table legend:
 A = Non-vault XP
 B = Vault XP
 C = Vault XP percentage of total XP
 D = Non-vault monster count
 E = Vault monster count
 F = Vault count percentage of total count
                 A         B        C        D         E       F
            +---------+---------+-------+---------+---------+-------
      Total |      61 |       0 |   0.0 |      34 |       0 |   0.0
            +---------+---------+-------+---------+---------+-------
        D:1 |      40 |       0 |   0.0 |      27 |       0 |   0.0
        D:2 |      21 |       0 |   0.0 |       7 |       0 |   0.0
            +---------+---------+-------+---------+---------+-------
